 Dungeon Crawl Stone Soup version 0.29-a0-557-g43b9904bd1 (webtiles) character file.

Game seed: 14802529269607857102

54 DocClef the Covert (level 3, 0/35 HPs)
             Began as a Gnoll Delver on June 8, 2022.
             Slain by a phantom (1 damage)
             ... on level 5 of the Dungeon.
             The game lasted 00:00:15 (355 turns).

DocClef the Covert (Gnoll Delver)                    Turns: 355, Time: 00:00:15

Health: 0/35       AC:  3    Str: 13    XL:     3   Next: 91%
Magic:  4/4        EV: 13    Int:  9    God:
Gold:   0          SH:  0    Dex: 13    Spells: 4/4 levels left

rFire   . . .      SeeInvis .   a - +0 short sword
rCold   . . .      Faith    .   (no shield)
rNeg    . . .      Spirit   .   b - +0 leather armour
rPois   .          Reflect  .   (no helmet)
rElec   .          Harm     .   (no cloak)
rCorr   .          Rampage  .   (no gloves)
Will    .....                   (no boots)
Stlth   ++++......              (no amulet)
HPRegen 0.11/turn               (no ring)
MPRegen 0.09/turn               (no ring)

@: no status effects
A: fangs 1, strong nose, distributed training
a: no special abilities


You were on level 5 of the Dungeon.
You visited 1 branch of the dungeon, and saw 1 of its levels.

Inventory:

Hand Weapons
 a - a +0 short sword (weapon)
Armour
 b - a +0 leather armour (worn)
Wands
 g - a wand of digging (3)
Scrolls
 c - a scroll of fog
 d - a scroll of magic mapping
 e - a scroll of fear
 h - a scroll of identify {unknown}
Potions
 f - a potion of haste


   Skills:
 + Level 6.5 Fighting
 + Level 4.6 Short Blades
 + Level 1.0 Long Blades
 + Level 1.0 Axes
 + Level 1.0 Maces & Flails
 + Level 1.0 Polearms
 + Level 1.0 Staves
 + Level 1.0 Slings
 + Level 1.0 Bows
 + Level 1.0 Crossbows
 + Level 1.0 Throwing
 + Level 1.0 Armour
 + Level 4.6 Dodging
 + Level 9.6 Stealth
 + Level 1.0 Shields
 + Level 1.0 Unarmed Combat
 + Level 1.0 Spellcasting
 + Level 0.7 Conjurations
 + Level 0.7 Hexes
 + Level 0.7 Summonings
 + Level 0.7 Necromancy
 + Level 0.7 Translocations
 + Level 0.7 Transmutations
 + Level 0.7 Fire Magic
 + Level 0.7 Ice Magic
 + Level 0.7 Air Magic
 + Level 0.7 Earth Magic
 + Level 0.7 Poison Magic
 + Level 1.0 Invocations
 + Level 1.0 Evocations


You had 4 spell levels left.
You didn't know any spells.
Your spell library contained the following spells:

 Spells                   Type           Power      Damage    Failure   Level
 Ozocubu's Armour         Ice            1%         N/A       71%         3
 Animate Dead             Necr           1%         N/A       98%         4
 Borgnjor's Vile Clutch   Necr/Erth      0%         N/A       100%        5
 Death Channel            Necr           0%         N/A       100%        6
 Ozocubu's Refrigeration  Ice            0%         4d5       100%        7


Dungeon Overview and Level Annotations

Branches:
Dungeon (5/15)
 Temple: D:4-7

Altars:


Innate Abilities, Weirdness & Mutations

You have very sharp teeth.
Your uncanny sense of smell can sniff out nearby items.
Your experience applies equally to all skills.


Message History

* * * LOW HITPOINT WARNING * * *
The phantom blinks!
You blink.
Unknown command.
The phantom hits you.
* * * LOW HITPOINT WARNING * * *
The phantom blinks!
You blink.
A necrophage comes into view.
You barely miss the phantom.
The phantom is severely damaged.
The phantom misses you. The ufetubus hits you.
* * * LOW HITPOINT WARNING * * *
The ufetubus hits you.
* * * LOW HITPOINT WARNING * * *
You hit the phantom.
The phantom is almost destroyed.
The ufetubus closely misses you. The ufetubus misses you.
The phantom hits you but does no damage.
The ufetubus closely misses you.
The ufetubus hits you but does no damage.
You hit the phantom but do no damage.
The phantom is almost destroyed.
The phantom barely misses you. The ufetubus hits you.
* * * LOW HITPOINT WARNING * * *
The ufetubus hits you but does no damage.
Unknown command.
You closely miss the phantom.
The phantom is almost destroyed.
The ufetubus barely misses you. x2; The phantom barely misses you.
Unknown command.
You completely miss the phantom. You bite the phantom, but do no damage.
The phantom is almost destroyed.
The ufetubus barely misses you. The ufetubus closely misses you.
The phantom closely misses you. The ufetubus closely misses you. x2
Unknown command.
You hit the phantom but do no damage.
The phantom is almost destroyed.
The ufetubus misses you. The ufetubus closely misses you.
The necrophage hits you but does no damage.
The phantom hits you.
You die...

......#∆
......+ ∆
.$....###
#.......#
#.......#
#.....$.#
#n5.....###
#@W........
#..........
#..........
......#
#..........
......#
#.......###
......+
#.......#
......#
#..$....#
[.....#
#.......#
......#
#.......#


You could see a necrophage, a phantom and an ufetubus.

Vanquished Creatures
  A hound (D:5)
  An iguana (D:5)
2 creatures vanquished.

Notes
Turn   | Place    | Note
-------+----------+-------------------------------------------
     0 | D:5      | Reached skill level 9 in Stealth
     0 | D:5      | DocClef the Gnoll Delver began the quest for the Orb.
     0 | D:5      | Reached XP level 1. HP: 23/23 MP: 1/1
    46 | D:5      | Noticed an iguana
    61 | D:5      | Killed an iguana
    62 | D:5      | Reached XP level 2. HP: 18/29 MP: 2/2
    62 | D:5      | Reached XP level 3. HP: 21/35 MP: 3/3
   205 | D:5      | Reached skill level 1 in Long Blades
   205 | D:5      | Reached skill level 1 in Axes
   205 | D:5      | Reached skill level 1 in Maces & Flails
   205 | D:5      | Reached skill level 1 in Polearms
   205 | D:5      | Reached skill level 1 in Staves
   205 | D:5      | Reached skill level 1 in Slings
   205 | D:5      | Reached skill level 1 in Bows
   205 | D:5      | Reached skill level 1 in Crossbows
   205 | D:5      | Reached skill level 1 in Throwing
   205 | D:5      | Reached skill level 1 in Armour
   205 | D:5      | Reached skill level 1 in Shields
   205 | D:5      | Reached skill level 1 in Unarmed Combat
   205 | D:5      | Reached skill level 1 in Spellcasting
   205 | D:5      | Reached skill level 1 in Invocations
   205 | D:5      | Reached skill level 1 in Evocations
   328 | D:5      | Noticed a phantom
   349 | D:5      | Noticed a necrophage
   352 | D:5      | HP: 1/35 [ufetubus (4)]
   355 | D:5      | Slain by a phantom

Illustrated notes

Levels and vault maps discovered:
D:5:      layout_gridville, grunt_ministairs_12, chequers_serial_rivers_room_b

Skill      XL: |  1  2  3 |
---------------+----------+-----
Stealth        | |  9.6
Long Blades    | 1 |  1.0
Axes           | 1 |  1.0
Maces & Flails | 1 |  1.0
Polearms       | 1 |  1.0
Staves         | 1 |  1.0
Slings         | 1 |  1.0
Bows           | 1 |  1.0
Crossbows      | 1 |  1.0
Throwing       | 1 |  1.0
Armour         | 1 |  1.0
Shields        | 1 |  1.0
Unarmed Combat | 1 |  1.0
Spellcasting   | 1 |  1.0
Invocations    | 1 |  1.0
Evocations     | 1 |  1.0
Fighting       | |  6.5
Short Blades   | |  4.6
Dodging        | |  4.6
Conjurations   | |  0.7
Hexes          | |  0.7
Summonings     | |  0.7
Necromancy     | |  0.7
Translocations | |  0.7
Transmutations | |  0.7
Fire Magic     | |  0.7
Ice Magic      | |  0.7
Air Magic      | |  0.7
Earth Magic    | |  0.7
Poison Magic   | |  0.7

Action                   || total
-------------------------++-------
Melee: Short sword       ||    41
       Bite              ||     4
 Stab: Distracted        ||     1
Armor: Leather armour    ||     9
Dodge: Dodged            ||    31

Table legend: (Time is in decaauts)
 A = Elapsed time spent in this place.
 B = Non-inter-level travel time spent in this place.
 C = Inter-level travel time spent in this place.
 D = Time resting spent in this place.
 E = Time spent auto-exploring this place.
 F = Levels seen in this place.
 G = Mean time per level.
                   A        B        C        D        E       F      G
               +--------+--------+--------+--------+--------+-----+--------+
         Total |    350 |    350 |      0 |      0 |    295 |   1 |  350.0 |
       Dungeon |    350 |    350 |      0 |      0 |    295 |   1 |  350.0 |
               +--------+--------+--------+--------+--------+-----+--------+

Top non-repeatable levels by time:
     D:5: 350 daAuts
